 Dungeon Crawl Stone Soup version 0.30-a0-743-gbfdf073431 (webtiles) character file.

Game seed: 6046876621564294142

499 Dittersdorf the Shield-Bearer (level 7, -1/44 HPs)
             Began as a Gargoyle Fighter on Feb 7, 2023.
             Slain by an ogre
             ... wielding a +0 giant spiked club
              (21 damage)
             ... on level 4 of the Dungeon.
             The game lasted 00:04:34 (3868 turns).

Dittersdorf the Shield-Bearer (Gargoyle Fighter)    Turns: 3868, Time: 00:04:35

Health: -1/44      AC: 16    Str: 22    XL:     7   Next: 16%
Magic:  7/7        EV:  7    Int:  8    God:
Gold:   191        SH:  4    Dex:  9    Spells: 6/6 levels left

rFire   . . .      SeeInvis .    a - +1 flail
rCold   . . .      Faith    +    c - +0 buckler
rNeg    + . .      Spirit   .    f - +0 chain mail
rPois   ∞          Reflect  .    q - +1 helmet
rElec   +          Harm     .    (no cloak)
rCorr   .          Rampage  .    (no gloves)
Will    .....                    (no boots) Stlth
                                 b - amulet of faith
HPRegen 0.27/turn                (no ring)
MPRegen 0.10/turn                (no ring)

@: no status effects
A: sickness immunity, AC +4, negative energy resistance 1, electricity
resistance, torment resistance 1, petrification resistance
a: no special abilities


You were on level 4 of the Dungeon.
You visited 2 branches of the dungeon, and saw 5 of its levels.

You collected 191 gold pieces.

Inventory:

Hand Weapons
 a - a +1 flail (weapon)
Missiles
 h - 3 poisoned darts (quivered)
Armour
 c - a +0 buckler (worn)
 f - a +0 chain mail (worn)
 g - a +0 plate armour
 q - a +1 helmet (worn)
Jewellery
 b - an amulet of faith (around neck)
Scrolls
 i - a scroll of fear {unknown}
 p - 2 scrolls of teleportation
 s - a scroll of enchant weapon
Potions
 d - 2 potions of might
 e - 3 potions of attraction {unknown}
 l - 2 potions of heal wounds {unknown}
 o - 2 potions of curing
 r - a potion of berserk rage


   Skills:
 + Level 5.1 Fighting
 + Level 4.0 Maces & Flails
 + Level 5.1 Armour
 + Level 5.2 Shields


You had 6 spell levels left.
You didn't know any spells.
Your spell library contained the following spells:

 Spells                   Type           Power      Damage    Failure   Level
 Foxfire                  Conj/Fire      0%         2x1d4     99%         1
 Magic Dart               Conj           0%         1d3       99%         1
 Summon Small Mammal      Summ           0%         N/A       99%         1
 Call Imp                 Summ           0%         N/A       100%        2
 Call Canine Familiar     Summ           0%         N/A       100%        3
 Mephitic Cloud           Conj/Pois/Air  0%         N/A       100%        3
 Summon Guardian Golem    Hex/Summ       0%         N/A       100%        3


Dungeon Overview and Level Annotations

Branches:
Dungeon (4/15)             Temple (1/1) D:4

Altars:
Ashenzari
Dithmenos
Elyvilon
Hepliaklqana
Kikubaaqudgha
Makhleb
Nemelex Xobeh
Qazlal
Ru
Trog
Uskayaw
Vehumet
Xom
Yredelemnul

Annotations:
D:3 2 transporters, Newt's ghost, amateur KoHu


Innate Abilities, Weirdness & Mutations

You are immune to sickness and miasma.
Your stone body is resilient. (AC +4)
You are immune to poison.
You resist negative energy. (rN+)
You are resistant to electric shocks. (rElec)
You are resistant to unholy torment.
You are immune to petrification.


Message History

No target in view!
No target in view!
No target in view!
No target in view!
No target in view!
No target in view!
No target in view!
No target in view!
No target in view!
No target in view!
An ogre comes into view. It is wielding a +0 giant spiked club.
You see here a howler monkey corpse.
The ogre closely misses you.
You hit the ogre.
The ogre is moderately wounded.
The ogre closely misses you.
You sock the ogre!
The ogre is heavily wounded.
The ogre hits you with a +0 giant spiked club!!
You are too injured to fight recklessly!
You are too injured to fight recklessly!
You are too injured to fight recklessly!
You are too injured to fight recklessly!
You are too injured to fight recklessly!
You are too injured to fight recklessly!
You are too injured to fight recklessly!
You are too injured to fight recklessly!
You are too injured to fight recklessly!
You are too injured to fight recklessly!
You are too injured to fight recklessly!
You are too injured to fight recklessly!
You are too injured to fight recklessly!
You are too injured to fight recklessly!
You are too injured to fight recklessly!
You hit the ogre.
The ogre is severely wounded.
You hit the ogre but do no damage.
The ogre is severely wounded.
The ogre hits you with a +0 giant spiked club!!
You die...

#.####.### ###.# *#.*
##...# #...#
*..###.####**########
#.##...#,,,,,,,#.....
#.##.#.#,,*,**+######
#....###,****,,*
####†# *,,*,*,**
#.##*,**,,,,*
#@.#*,*,,,,**
##O#*,*,,*,,*
*.#*,******* *.$,,*
*###**


You could see an ogre.

Vanquished Creatures
  2 ice beasts (D:3)
  A howler monkey (D:4)
  3 iron imps (D:4)
  An iguana (D:3)
  Robin (D:2)
  5 adders
  4 worms
  6 dart slugs
  5 orcs (D:3)
  4 bats
  10 endoplasms
  4 giant cockroaches
  15 goblins
  6 hobgoblins
  7 kobolds
  2 quokkas
  4 ball pythons
  3 frilled lizards
  9 rats
92 creatures vanquished.

Vanquished Creatures (others)
  6 fungi (D:2)
  4 plants (D:2)
10 creatures vanquished.

Grand Total: 102 creatures vanquished

Notes
Turn   | Place    | Note
-------+----------+-------------------------------------------
     0 | D:1      | Dittersdorf the Gargoyle Fighter began the quest for the
                  | Orb.
     0 | D:1      | Reached XP level 1. HP: 14/14 MP: 1/1
   141 | D:1      | Reached XP level 2. HP: 19/19 MP: 2/2
   578 | D:1      | Reached XP level 3. HP: 22/23 MP: 3/3
   982 | D:2      | Found a hide-covered altar of Uskayaw.
  1404 | D:2      | Found a faded altar of an unknown god.
  1406 | D:2      | Noticed Robin
  1429 | D:2      | HP: 1/24 [Robin/+0 spear (4)]
  1528 | D:1      | Reached XP level 4. HP: 29/29 MP: 4/4
  1541 | D:2      | Killed Robin
  1942 | D:2      | Got Plato's Anthology of Flame
  2307 | D:3      | Found a transporter.
  2400 | D:3      | Noticed an ice beast
  2400 | D:3      | Noticed an ice beast
  2416 | D:3      | Killed an ice beast
  2417 | D:3      | Reached XP level 5. HP: 19/34 MP: 5/5
  2448 | D:3      | Killed an ice beast
  2449 | D:3      | Reached XP level 6. HP: 18/39 MP: 6/6
  2596 | D:3      | Found a transporter.
  2598 | D:3      | Noticed Newt's ghost (amateur KoHu)
  3442 | D:4      | Found a staircase to the Ecumenical Temple.
  3454 | Temple   | Entered the Ecumenical Temple
  3677 | D:4      | Reached skill level 5 in Shields
  3682 | D:4      | Found a burning altar of Makhleb.
  3694 | D:4      | Reached skill level 5 in Fighting
  3694 | D:4      | Reached skill level 5 in Armour
  3694 | D:4      | Reached XP level 7. HP: 43/44 MP: 7/7
  3868 | D:4      | Slain by an ogre

Illustrated notes

Levels and vault maps discovered:
D:1:      pf_arrival_petrified_forest, layout_loops_ring, chequers_garden,
          chequers_mini_garden
D:2:      layout_basic, basic_altar, shapermc_ecumenical_altar_rom_forum,
          minivault_23, uniq_robin
D:3:      layout_basic, gammafunk_ghost_mausoleum, grunt_decor_arrowhead,
          minmay_divided_ellipse
D:4:      minmay_wonky_spiral, layout_rooms, demons_altar, temple_statues
Temple:   compressed_dpeg_triangle_lava_temple

Skill      XL: |  1  2  3  4  5  6  7 |
---------------+----------------------+-----
Shields        | 4 5 |  5.2
Fighting       | 4 5 |  5.1
Armour         | 4 5 |  5.1
Maces & Flails | 3 4 |  4.0

Action                     |  1- 3 |  4- 6 |  7- 9 || total
---------------------------+-------+-------+-------++-------
  Melee: Flail             |   138 |   187 |    14 ||   339
    Use: Scroll            |       |    10 |       ||    10
 Armour: Scale mail        |    12 |       |       ||    12
         Chain mail        |   109 |   133 |     4 ||   246
  Dodge: Dodged            |    51 |    77 |     3 ||   131
  Block: Buckler           |    46 |    42 |       ||    88

Table legend: (Time is in decaauts)
 A = Elapsed time spent in this place.
 B = Non-inter-level travel time spent in this place.
 C = Inter-level travel time spent in this place.
 D = Time resting spent in this place.
 E = Time spent auto-exploring this place.
 F = Levels seen in this place.
 G = Mean time per level.
                   A        B        C        D        E       F      G
               +--------+--------+--------+--------+--------+-----+--------+
         Total |   3974 |   3743 |    231 |    268 |   2537 |   5 |  794.8 |
       Dungeon |   3790 |   3561 |    229 |    268 |   2365 |   4 |  947.5 |
        Temple |    184 |    182 |      2 |      0 |    172 |   1 |  184.0 |
               +--------+--------+--------+--------+--------+-----+--------+

Top non-repeatable levels by time:
     D:2: 1325 daAuts
     D:3: 1092 daAuts
     D:1: 948 daAuts
     D:4: 423 daAuts
  Temple: 184 daAuts
